[Event "December 19 Late 2023"]
[Site "https://www.chess.com"]
[Date "2023.12.19"]
[Round "5"]
[White "Mohammad, Fahim"]
[Black "Rees, Ioan"]
[Result "0-1"]
[Board "116"]
[TimeControl "180+1"]
[WhiteFideId "10206248"]
[BlackFideId "1801236"]
[WhiteElo "2177"]
[BlackElo "2270"]
[WhiteTeam "FRA"]
[BlackTeam "WLS"]
[WhiteClock "0:00:00"]
[BlackClock "0:00:22"]

1. d4 d5 2. c4 c6 3. Nf3 Nf6 4. Nc3 e6 5. e3 Nbd7 6. Bd3 dxc4 7. Bxc4 b5 8. Bd3 b4 9. Na4 Be7 10. O-O O-O 11. a3 bxa3 12. bxa3 c5 13. Bb2 Rb8 14. Rb1 Bb7 15. Qe2 Qa5 16. Nxc5 Nxc5 17. dxc5 Qxc5 18. Rfc1 Qh5 19. e4 Rfd8 20. Be5 Rbc8 21. Rxc8 Rxc8 22. Rxb7 Rc1+ 23. Ne1 Qxe2 24. Bxe2 Rxe1+ 25. Bf1 Nxe4 26. f3 Nd2 27. Rb8+ Bf8 28. Kf2 Rxf1+ 29. Ke2 Rb1 30. Rc8 Rb6 31. Kxd2 f6 32. Bc3 Rd6+ 33. Kc2 Rd7 34. Bb4 Rf7 35. Kb3 g5 36. Ra8 Kg7 37. Bxf8+ Rxf8 38. Rxa7+ Kg6 39. Ra4 h5 40. Ra7 Kf5 41. a4 Rb8+ 42. Kc4 Rb1 43. g3 Rf1 44. Ra5+ e5 45. Rb5 Rxf3 46. Rb2 Ra3 47. Kb4 Ra1 48. Rf2+ Ke6 49. a5 e4 50. Kb5 f5 51. a6 e3 52. Rf3 Ra3 53. a7 Rxa7 54. Rxe3+ Kf6 55. Kc6 Ra2 56. Kd6 Rd2+ 57. Kc5 Rxh2 58. Kd5 Rd2+ 59. Kc5 Rd8 60. Ra3 h4 61. gxh4 gxh4 62. Rh3 Kg5 0-1

[Event "December 19 Late 2023"]
[Site "https://www.chess.com"]
[Date "2023.12.19"]
[Round "5"]
[White "Pert, Nina"]
[Black "Bru Rullo, Llatzer"]
[Result "0-1"]
[Board "117"]
[TimeControl "180+1"]
[WhiteFideId "456853"]
[BlackFideId "22219668"]
[WhiteElo "1726"]
[BlackElo "2190"]
[WhiteTeam "ENG"]
[BlackTeam "ESP"]
[WhiteClock "0:00:17"]
[BlackClock "0:00:18"]

1. e4 c5 2. Nf3 d6 3. d4 cxd4 4. Nxd4 Nf6 5. Nc3 e6 6. f3 a6 7. Be3 b5 8. Be2 Be7 9. Qd2 Bb7 10. O-O-O Nc6 11. Kb1 Rc8 12. Nb3 Ne5 13. g4 Nfd7 14. f4 Nc4 15. Bxc4 bxc4 16. Nd4 Nc5 17. Qg2 Ba8 18. f5 Rb8 19. g5 Qb6 20. b3 Qb4 21. Bd2 cxb3 22. Nxb3 Nxe4 23. Nxe4 Qxe4 24. Qf2 Qxf5 25. Qa7 O-O 26. Qxe7 Bxh1 27. Rxh1 Rfc8 28. Rc1 a5 29. a4 Rxb3+ 30. Ka2 Rbb8 31. c4 Qd3 32. Bxa5 Qb3+ 33. Ka1 Qb2# 0-1

[Event "December 19 Late 2023"]
[Site "https://www.chess.com"]
[Date "2023.12.19"]
[Round "5"]
[White "Demina, Marya"]
[Black "Argandona Riveiro, Inigo"]
[Result "0-1"]
[Board "118"]
[TimeControl "180+1"]
[WhiteFideId "4195671"]
[BlackFideId "2212072"]
[WhiteElo "1978"]
[BlackElo "2391"]
[WhiteTeam "RUS"]
[BlackTeam "ESP"]
[WhiteClock "0:00:15"]
[BlackClock "0:00:21"]

1. d4 d6 2. c4 Nf6 3. Nc3 Nbd7 4. e4 e5 5. Nf3 Be7 6. Be2 O-O 7. O-O Re8 8. Re1 exd4 9. Nxd4 Bf8 10. Bf1 Nc5 11. f3 a5 12. b3 c6 13. Bg5 h6 14. Bh4 g5 15. Bf2 Bg7 16. Rb1 Nh5 17. g3 Nf6 18. a3 g4 19. b4 axb4 20. axb4 Ne6 21. Nf5 Ng5 22. Bg2 Bxf5 23. exf5 Ra3 24. Rxe8+ Nxe8 25. Ne4 Nxf3+ 26. Bxf3 Rxf3 27. h3 h5 28. hxg4 hxg4 29. Qc2 d5 30. Rd1 Rxf5 31. Nc5 Rh5 32. Kg2 d4 33. Nxb7 Qf6 34. Qe4 Nd6 35. Qxg4 Rf5 36. Nc5 Rxf2+ 37. Kh3 Qf5 38. Qxf5 Rxf5 39. Nd7 Rh5+ 40. Kg4 Rh6 41. Kf3 Rg6 42. g4 Bf8 43. Ne5 Rf6+ 44. Kg3 Re6 45. Nxc6 Nxc4 46. Nxd4 Bd6+ 47. Kf3 Re3+ 48. Kf2 Re4 49. Nf5 Bxb4 50. Ne7+ Rxe7 51. Rd4 Bc5 52. Kf3 Bxd4 53. Kf4 Re6 54. g5 Rg6 55. Kf5 Kg7 56. Kf4 Bc5 57. Kf5 Be7 58. Kf4 Bxg5+ 59. Ke4 Be7 60. Kd5 Bf8 61. Kxc4 Re6 62. Kd5 Re8 63. Kd4 f5 64. Kd5 Kf6 65. Kc6 Re6+ 66. Kd7 Bg7 67. Kd8 f4 68. Kc7 f3 69. Kd8 f2 70. Kc7 f1=Q 71. Kd8 Qd1+ 72. Kc7 Re2 73. Kb7 Rc2 74. Kb6 Qb1+ 75. Ka5 Ra2# 0-1

[Event "December 19 Late 2023"]
[Site "https://www.chess.com"]
[Date "2023.12.19"]
[Round "5"]
[White "Xie, Bryan"]
[Black "Navyblue1"]
[Result "1-0"]
[Board "119"]
[TimeControl "180+1"]
[WhiteFideId "30941296"]
[WhiteElo "2033"]
[BlackElo "2132"]
[WhiteTeam "USA"]
[WhiteClock "0:00:11"]
[BlackClock "0:00:17"]

1. e4 c5 2. Nf3 d6 3. d4 cxd4 4. Nxd4 Nf6 5. Nc3 a6 6. h4 e5 7. Nb3 Be7 8. Bg5 Be6 9. Bxf6 Bxf6 10. g3 b5 11. Qd2 Be7 12. O-O-O Nd7 13. Nd5 Bxd5 14. Qxd5 Rc8 15. Kb1 Qc7 16. Qd2 O-O 17. Bh3 Rfd8 18. f4 Ra8 19. Bxd7 Qxd7 20. fxe5 Qe6 21. exd6 Bf6 22. Qd5 Re8 23. Qxe6 Rxe6 24. Nc5 Re5 25. Nd7 Rxe4 26. Nxf6+ gxf6 27. Rhe1 Re6 28. d7 Rd8 29. Rxe6 fxe6 30. b4 Kf7 31. Rd6 Ke7 32. Rxa6 Rxd7 33. Rb6 Rd1+ 34. Kb2 Rg1 35. Rxb5 h6 36. a4 Rxg3 37. a5 Rg8 38. a6 Ra8 39. Rb6 f5 40. b5 f4 41. Rb7+ Kd6 42. Kc3 Kc5 43. a7 f3 44. Kd3 e5 45. b6 e4+ 46. Ke3 Kc6 47. Rb8 Rxb8 48. axb8=Q Kc5 49. Qc7+ Kd5 50. b7 1-0

[Event "December 19 Late 2023"]
[Site "https://www.chess.com"]
[Date "2023.12.19"]
[Round "5"]
[White "Alamzhi21"]
[Black "Nielsen, Viktor Haarmark"]
[Result "0-1"]
[Board "120"]
[TimeControl "180+1"]
[BlackFideId "1444492"]
[WhiteElo "2641"]
[BlackElo "2315"]
[BlackTeam "DEN"]
[WhiteClock "0:00:15"]
[BlackClock "0:00:05"]

1. d4 Nf6 2. Bf4 e6 3. Nf3 d5 4. e3 Bd6 5. Bg3 O-O 6. Bd3 b6 7. Ne5 Bb7 8. Nd2 Ne4 9. f4 f6 10. Nef3 c5 11. c3 f5 12. Ne5 Nc6 13. Ndf3 a5 14. Bh4 Qe8 15. O-O Ba6 16. Bxa6 Rxa6 17. Ng5 Bxe5 18. fxe5 a4 19. Nxe4 fxe4 20. Qg4 Rxf1+ 21. Rxf1 Ra7 22. a3 Na5 23. Rf6 Nc4 24. Rxe6 Qc8 25. Rg6 Qxg4 26. Rxg4 Nxe3 27. Rf4 Rf7 28. g3 Rxf4 29. gxf4 g6 30. Bd8 cxd4 31. cxd4 b5 32. Ba5 Kf7 33. h3 Ke6 34. Bd2 Nc4 35. Bc1 Kf5 36. Kf2 Na5 37. Bd2 Nc6 38. Be3 Nd8 39. Kg3 Ne6 40. h4 Nd8 41. Bd2 Nc6 42. Be3 Na5 43. Bd2 Nb3 44. Be3 Na1 45. Kf2 Nc2 46. Ke2 Na1 47. Kf2 Nb3 48. Ke2 Na5 49. Kf2 Nc6 50. Ke2 Kg4 51. Kf2 Kxh4 52. f5 gxf5 53. e6 Kh5 54. Bf4 Kg6 55. Be5 Nxe5 56. dxe5 f4 57. Kg2 d4 58. Kh3 d3 59. e7 Kf7 60. Kg4 d2 61. Kxf4 d1=Q 62. Kf5 Qd5 63. Kf4 Qe6 0-1

[Event "December 19 Late 2023"]
[Site "https://www.chess.com"]
[Date "2023.12.19"]
[Round "5"]
[White "Soderstrom, Adrian"]
[Black "Gao, Raymond"]
[Result "0-1"]
[Board "121"]
[TimeControl "180+1"]
[WhiteFideId "1745786"]
[BlackFideId "2629429"]
[WhiteElo "2154"]
[BlackElo "1953"]
[WhiteTeam "SWE"]
[BlackTeam "CAN"]
[WhiteClock "0:00:13"]
[BlackClock "0:00:11"]

1. e4 e5 2. Nf3 Nc6 3. Bb5 a6 4. Ba4 Nf6 5. O-O b5 6. Bb3 Be7 7. a4 Rb8 8. d4 d6 9. axb5 axb5 10. d5 Nb4 11. Nc3 O-O 12. h3 Na6 13. Be3 b4 14. Na4 Nxe4 15. Qd3 f5 16. Nd2 Nxd2 17. Bxd2 Kh8 18. Bc4 Nc5 19. Nxc5 dxc5 20. c3 e4 21. Qe2 Bd6 22. cxb4 cxb4 23. Bb3 Qe7 24. Rfe1 Qe5 25. g3 Qxb2 26. Reb1 Qe5 27. Bc4 Bd7 28. Bc1 Qf6 29. Bb2 Qg6 30. Re1 f4 31. Qxe4 Bf5 32. Qg2 fxg3 33. fxg3 Bxg3 34. Re3 Bf4 35. Qxg6 Bxe3+ 36. Kh2 Bxg6 37. Re1 Rf2+ 38. Kg3 Rxb2 39. Rxe3 Rc2 40. Bd3 Bxd3 41. d6 cxd6 42. Re7 h6 43. h4 b3 44. h5 b2 45. Re3 b1=Q 46. Kg4 Rg2+ 47. Kf4 Qf1+ 48. Rf3 Rf8+ 49. Ke3 Qxf3+ 50. Kd4 Rg4+ 51. Kc3 Ba6+ 52. Kd2 Rg2+ 53. Ke1 Qf1# 0-1

[Event "December 19 Late 2023"]
[Site "https://www.chess.com"]
[Date "2023.12.19"]
[Round "5"]
[White "Kanter, Eduard"]
[Black "Merriman, John"]
[Result "0-1"]
[Board "122"]
[TimeControl "180+1"]
[WhiteFideId "4103963"]
[BlackFideId "402362"]
[WhiteElo "2243"]
[BlackElo "2207"]
[WhiteTeam "RUS"]
[BlackTeam "ENG"]
[WhiteClock "0:00:06"]
[BlackClock "0:00:06"]

1. d4 Nf6 2. c4 c5 3. d5 e6 4. Nc3 exd5 5. cxd5 d6 6. e4 g6 7. Bd3 Bg7 8. Nge2 O-O 9. O-O Re8 10. a4 Na6 11. Bg5 Nb4 12. Rc1 h6 13. Bf4 Nxd3 14. Qxd3 g5 15. Bg3 Nh5 16. Nb5 Nxg3 17. Nxg3 Bxb2 18. Rc2 Be5 19. Na3 Bd7 20. Nf5 Qf6 21. Qh3 Kh7 22. Nc4 Bxa4 23. Ra2 Bd7 24. g4 Bxf5 25. gxf5 Bf4 26. Qd3 b5 27. Na5 Qe5 28. f3 c4 29. Qb1 Qd4+ 30. Kh1 a6 31. Nc6 Qc5 32. Ra5 f6 33. Qa2 Qe3 34. Nb4 Qb3 35. Qxb3 cxb3 36. Rxa6 Rxa6 37. Nxa6 Rc8 38. Rb1 Rc1+ 39. Rxc1 Bxc1 40. Nb4 b2 0-1

[Event "December 19 Late 2023"]
[Site "https://www.chess.com"]
[Date "2023.12.19"]
[Round "5"]
[White "Shapiro, Daniel"]
[Black "Petukhov, Dmitry"]
[Result "0-1"]
[Board "123"]
[TimeControl "180+1"]
[WhiteFideId "2001780"]
[BlackFideId "4142748"]
[WhiteElo "2293"]
[BlackElo "2269"]
[WhiteTeam "USA"]
[BlackTeam "RUS"]
[WhiteClock "0:00:00"]
[BlackClock "0:00:05"]

1. d4 Nf6 2. c4 g6 3. Nc3 d5 4. Nf3 Bg7 5. Qb3 dxc4 6. Qxc4 O-O 7. e4 a6 8. Qa4 c5 9. dxc5 Nc6 10. h3 Nd7 11. Qa3 Nd4 12. Nxd4 Bxd4 13. Bh6 Re8 14. Rd1 e5 15. Bc4 Qh4 16. Be3 Bxe3 17. g3 Qg5 18. Nd5 Bxc5 19. b4 Bf8 20. Nc7 Nb6 21. Be2 Be6 22. Nxa8 Rxa8 23. Kf1 a5 24. Qb2 axb4 25. Ra1 Nc4 26. Bxc4 Bxc4+ 27. Kg2 b5 28. Rhd1 Bc5 29. Qd2 Bd4 30. Qxg5 Bxa1 31. Rxa1 b3 32. Qd2 bxa2 33. Qb2 f6 34. Rc1 Kg7 35. f4 exf4 36. gxf4 Ra7 37. e5 fxe5 38. Qxe5+ Kh6 39. Qg5+ Kg7 40. Qe5+ Kh6 41. h4 Rf7 42. Kg3 Rf5 43. Qe3 Rf7 44. Qc3 Rf5 45. Qb2 Rd5 46. Rxc4 Rd3+ 47. Kg2 bxc4 48. Qxa2 c3 0-1

[Event "December 19 Late 2023"]
[Site "https://www.chess.com"]
[Date "2023.12.19"]
[Round "5"]
[White "Golubenko, Valentina"]
[Black "Krzywda, Andrzej"]
[Result "0-1"]
[Board "124"]
[TimeControl "180+1"]
[WhiteFideId "4501993"]
[BlackFideId "1114565"]
[WhiteElo "2126"]
[BlackElo "2130"]
[WhiteTeam "CRO"]
[BlackTeam "POL"]
[WhiteClock "0:00:04"]
[BlackClock "0:00:14"]

1. d4 d5 2. c4 dxc4 3. e3 Nf6 4. Bxc4 e6 5. Nf3 c5 6. O-O Nc6 7. Nc3 a6 8. a4 cxd4 9. exd4 Be7 10. d5 exd5 11. Nxd5 Nxd5 12. Bxd5 O-O 13. Bf4 Nb4 14. Bb3 Qxd1 15. Raxd1 Bg4 16. Rd4 Bxf3 17. gxf3 Rad8 18. Re4 Rd7 19. Rfe1 Bc5 20. Bc4 h6 21. Be5 Nd3 22. Bxd3 Rxd3 23. Rg4 f6 24. Bc3 Rxf3 25. Re2 Kf7 26. Rc4 Bd6 27. Rd4 Rd8 28. Red2 Ke7 29. Bb4 Bxb4 30. Re2+ Kf7 31. Rxd8 b6 32. Rd7+ Kg6 33. Rd4 Bc5 34. Rg4+ Kf7 35. Kg2 Rb3 36. Rge4 a5 37. h3 Bd6 38. Rd4 Be5 39. Rd7+ Kg6 40. Rb7 h5 41. Rd2 Kf5 42. Rxg7 Bxb2 43. Rd6 Be5 44. Rc6 Bd4 45. Rd7 Rb4 46. Rd5+ Kg6 47. Rdd6 Rxa4 48. Kf3 Rb4 49. Ke4 Bc5+ 50. Kd5 Bxd6 51. Rxd6 a4 52. Ke6 a3 53. Ke7 a2 54. Rxf6+ Kg7 55. Rf7+ Kg6 56. Rf6+ Kg5 0-1

[Event "December 19 Late 2023"]
[Site "https://www.chess.com"]
[Date "2023.12.19"]
[Round "5"]
[White "Gasparyan, David"]
[Black "Romero Ruscalleda, Josep"]
[Result "0-1"]
[Board "125"]
[TimeControl "180+1"]
[WhiteFideId "13311980"]
[BlackFideId "2231859"]
[WhiteElo "2461"]
[BlackElo "2200"]
[WhiteTeam "USA"]
[BlackTeam "ESP"]
[WhiteClock "0:00:06"]
[BlackClock "0:00:14"]

1. Nf3 g6 2. e4 Bg7 3. Bc4 d6 4. c3 Nf6 5. Qe2 O-O 6. d4 c6 7. h3 Nxe4 8. Bxf7+ Rxf7 9. Qxe4 Bf5 10. Qe2 h6 11. Nbd2 Qc8 12. g4 Bd7 13. Nh4 g5 14. Ng2 e5 15. Ne4 Qc7 16. Be3 d5 17. Ng3 e4 18. h4 Rf3 19. Nf5 Bxf5 20. gxf5 g4 21. Qd2 h5 22. Nf4 Qf7 23. Ne2 Rxf5 24. Ng3 Rf3 25. O-O-O Nd7 26. Kb1 Nb6 27. b3 a5 28. a4 Rf8 29. Rhf1 Nd7 30. Rc1 b5 31. axb5 cxb5 32. Kb2 a4 33. Ra1 Ra8 34. Ne2 Nb6 35. Bf4 Rc8 36. Bd6 axb3 37. Kxb3 Nc4 38. Qg5 Nxd6 39. Ra6 Qc7 40. Rc1 Qc4+ 41. Ka3 b4+ 42. Ka4 bxc3+ 43. Ka3 c2+ 44. Kb2 Rb3+ 45. Ka1 Qxa6# 0-1

[Event "December 19 Late 2023"]
[Site "https://www.chess.com"]
[Date "2023.12.19"]
[Round "5"]
[White "Thorhallsson, Simon"]
[Black "Khokhlova, Daria"]
[Result "1-0"]
[Board "126"]
[TimeControl "180+1"]
[WhiteFideId "2310090"]
[BlackFideId "24182729"]
[WhiteElo "2123"]
[BlackElo "2032"]
[WhiteTeam "ISL"]
[BlackTeam "FID"]
[WhiteClock "0:02:14"]
[BlackClock "0:00:10"]

1. e4 c5 2. Nc3 Nc6 3. Bb5 Nd4 4. Nf3 Nxb5 5. Nxb5 a6 6. Nc3 d6 7. d4 cxd4 8. Qxd4 Nf6 9. Bg5 e5 10. Qd3 Be6 11. O-O-O Be7 12. Kb1 O-O 13. Bxf6 Bxf6 14. Nd5 Re8 15. Nd2 b5 16. Nf1 g6 17. Nfe3 Bg7 18. h4 h5 19. f3 Ra7 20. g4 hxg4 21. fxg4 Qc8 22. Rdg1 Kh7 23. g5 Rh8 24. h5 gxh5 25. Rxh5+ Kg8 26. Nf6+ Kf8 27. Qxd6+ Re7 28. Rxh8+ Bxh8 29. Rh1 Bg7 30. Ned5 Bxd5 31. Nxd5 Qe6 32. Qxe7+ Qxe7 33. Nxe7 Kxe7 34. Rf1 Ke6 35. Kc1 f6 36. gxf6 Bxf6 37. Kd2 Be7 38. Kd3 Bc5 39. Rh1 a5 40. Rh6+ Ke7 41. Rc6 Bd4 42. c3 Bf2 43. Ra6 a4 44. Ra5 Kd6 45. Rxb5 a3 46. b4 Ke6 47. Ra5 Be1 48. Rxa3 Bf2 49. Ra6+ Kf7 50. Kc4 1-0

[Event "December 19 Late 2023"]
[Site "https://www.chess.com"]
[Date "2023.12.19"]
[Round "5"]
[White "Gutierrez Olivares, Daniel"]
[Black "BenchGM"]
[Result "1-0"]
[Board "127"]
[TimeControl "180+1"]
[WhiteFideId "2264005"]
[WhiteElo "2317"]
[BlackElo "2258"]
[WhiteTeam "ESP"]
[WhiteClock "0:01:09"]
[BlackClock "0:00:00"]

1. Nf3 Nf6 2. d3 d5 3. Nbd2 c5 4. c4 Bg4 5. g3 dxc4 6. Qa4+ Nc6 7. Qxc4 e5 8. Bg2 Be6 9. Qb5 Bd5 10. e4 a6 11. Qa4 b5 12. Qd1 Be6 13. Nf1 Nb4 14. Nxe5 Bd6 15. a3 Bxe5 16. axb4 cxb4 17. Ne3 O-O 18. O-O a5 19. Kh1 a4 20. f4 Bd4 21. e5 Nd5 22. Ng4 Bxg4 23. Qxg4 Rc8 24. Bd2 Rc2 25. Bc1 Be3 26. e6 Bxc1 27. Rfxc1 Ne3 28. exf7+ Rxf7 29. Qe6 Rxg2 30. Rc8 1-0

[Event "December 19 Late 2023"]
[Site "https://www.chess.com"]
[Date "2023.12.19"]
[Round "5"]
[White "Blanco Diez, David"]
[Black "Sabar Ethmane Daouda"]
[Result "1-0"]
[Board "128"]
[TimeControl "180+1"]
[WhiteFideId "32032927"]
[BlackFideId "19600097"]
[WhiteElo "2170"]
[BlackElo "1950"]
[WhiteTeam "ESP"]
[BlackTeam "MTN"]
[WhiteClock "0:01:05"]
[BlackClock "0:00:06"]

1. Nf3 d5 2. b3 Nf6 3. Bb2 e6 4. c4 c6 5. e3 Bd6 6. d4 O-O 7. Bd3 Nbd7 8. O-O Re8 9. Nc3 Nf8 10. e4 dxe4 11. Nxe4 Nxe4 12. Bxe4 Qf6 13. Qc2 Qh6 14. g3 f5 15. Bd3 Bd7 16. Rfe1 Rad8 17. Bf1 f4 18. Ne5 fxg3 19. hxg3 Bc8 20. Bd3 Re7 21. Kg2 Qf6 22. Rh1 Bxe5 23. dxe5 Qg5 24. Bxh7+ Kf7 25. Be4 Ke8 26. Bc1 Qxe5 27. Bf4 Qd4 28. Rad1 Qb6 29. Rxd8+ Qxd8 30. Bg5 Qc7 31. Rh8 Rd7 32. Bg6+ Rf7 33. Qc3 e5 34. Qf3 Qd8 1-0

[Event "December 19 Late 2023"]
[Site "https://www.chess.com"]
[Date "2023.12.19"]
[Round "5"]
[White "Igel2023"]
[Black "Figorito, Nick"]
[Result "1/2-1/2"]
[Board "129"]
[TimeControl "180+1"]
[BlackFideId "30923689"]
[WhiteElo "2235"]
[BlackElo "2409"]
[BlackTeam "USA"]
[WhiteClock "0:02:44"]
[BlackClock "0:02:40"]

1. e4 e6 2. d4 d5 3. Nd2 Nf6 4. e5 Nfd7 5. Bd3 c5 6. c3 Nc6 7. Ne2 cxd4 8. cxd4 f6 9. exf6 Nxf6 10. O-O Bd6 11. Nf3 Qc7 12. Bg5 O-O 13. Qc2 Nb4 14. Qxc7 Bxc7 15. Bb1 Nc6 16. Bd3 Nb4 17. Bb1 Nc6 18. Bd3 Nb4 1/2-1/2

[Event "December 19 Late 2023"]
[Site "https://www.chess.com"]
[Date "2023.12.19"]
[Round "5"]
[White "Azar, Sebastien"]
[Black "Kovacevic, Radmila"]
[Result "0-1"]
[Board "130"]
[TimeControl "180+1"]
[WhiteFideId "2640198"]
[BlackFideId "933171"]
[WhiteElo "2393"]
[BlackElo "2052"]
[WhiteTeam "CAN"]
[BlackTeam "SRB"]
[WhiteClock "0:00:01"]
[BlackClock "0:01:10"]

1. e4 e5 2. Nf3 d5 3. exd5 e4 4. Qe2 Nf6 5. d3 Qxd5 6. Nc3 Bb4 7. Bd2 Bxc3 8. Bxc3 O-O 9. dxe4 Nxe4 10. Rd1 Nxc3 11. Rxd5 Nxe2 12. Bxe2 Be6 13. Rd2 Nc6 14. O-O Rad8 15. Rfd1 Rxd2 16. Rxd2 Rd8 17. Rxd8+ Nxd8 18. Kf1 Nc6 19. a3 f6 20. Ke1 a6 21. Kd2 Kf8 22. Ke3 Bd5 23. c4 Be6 24. b4 Ke7 25. Nd4 Bd7 26. Bf3 Nxd4 27. Kxd4 b6 28. Bb7 a5 29. c5 axb4 30. axb4 bxc5+ 31. Kxc5 Ba4 32. Be4 g6 33. h4 Kd7 34. b5 f5 35. Bc6+ Ke7 36. Kd5 Kf6 37. g3 Bc2 38. Kd4 h6 39. Kc3 Bd1 40. Kd4 Be2 41. Ke3 Bc4 42. f4 g5 43. hxg5+ hxg5 44. Kd4 Bf1 45. Kc5 gxf4 46. gxf4 Kg6 47. Bd5 Kh5 48. Bc6 Kg4 49. Kd4 Kxf4 50. Kc3 Ke3 51. Kc2 Bd3+ 52. Kd1 Be4 53. Bd7 f4 54. Ke1 f3 55. Bh3 f2+ 56. Kd1 Bd3 57. Kc1 Bxb5 58. Kb2 f1=Q 0-1

[Event "December 19 Late 2023"]
[Site "https://www.chess.com"]
[Date "2023.12.19"]
[Round "5"]
[White "ajian"]
[Black "Kornyukov, Alexey"]
[Result "1-0"]
[Board "131"]
[TimeControl "180+1"]
[BlackFideId "4150457"]
[WhiteElo "2392"]
[BlackElo "2352"]
[BlackTeam "RUS"]
[WhiteClock "0:00:04"]
[BlackClock "0:00:00"]

1. d4 d5 2. c4 e6 3. Nc3 c6 4. e3 Nf6 5. Nf3 Nbd7 6. Qc2 Bd6 7. b3 Qe7 8. Bd3 O-O 9. O-O dxc4 10. bxc4 e5 11. Bb2 h6 12. Nd2 Re8 13. Nde4 Nxe4 14. Nxe4 Bc7 15. d5 Nb6 16. d6 Bxd6 17. Nxd6 Qxd6 18. c5 Qe7 19. cxb6 axb6 20. a4 Qg5 21. Kh1 Be6 22. f4 exf4 23. exf4 Qh4 24. f5 Bd5 25. Qf2 Qg5 26. Rfe1 c5 27. Bb5 Rxe1+ 28. Rxe1 Rd8 29. Re3 Bc6 30. h3 f6 31. Bc4+ Kh7 32. Bf7 Rd1+ 33. Kh2 Bxa4 34. Bg6+ Kh8 35. Qe2 Rd8 36. Bc1 Qf4+ 37. Kh1 Qd6 38. Re7 Bc6 39. Kg1 Qd4+ 40. Qf2 Qd1+ 41. Qf1 Qd4+ 42. Kh1 Qd6 43. Qe1 1-0

[Event "December 19 Late 2023"]
[Site "https://www.chess.com"]
[Date "2023.12.19"]
[Round "5"]
[White "Clarke, Matthew"]
[Black "Buchenau, Frank"]
[Result "0-1"]
[Board "132"]
[TimeControl "180+1"]
[WhiteFideId "3227804"]
[BlackFideId "4604350"]
[WhiteElo "2026"]
[BlackElo "2157"]
[WhiteTeam "AUS"]
[BlackTeam "GER"]
[WhiteClock "0:00:13"]
[BlackClock "0:01:30"]

1. d4 e6 2. c4 Nf6 3. g3 Bb4+ 4. Bd2 Qe7 5. Bg2 Nc6 6. Nf3 Bxd2+ 7. Nbxd2 d6 8. O-O O-O 9. e4 e5 10. d5 Nb8 11. b4 a5 12. a3 axb4 13. axb4 Rxa1 14. Qxa1 Na6 15. Qa3 Bg4 16. Rc1 h5 17. Ne1 h4 18. Nd3 h3 19. Bf1 Nd7 20. c5 Qg5 21. Qc3 dxc5 22. bxc5 Naxc5 23. Nxc5 Nxc5 24. Qxc5 Qxd2 25. Qxc7 Rc8 0-1

[Event "December 19 Late 2023"]
[Site "https://www.chess.com"]
[Date "2023.12.19"]
[Round "5"]
[White "Laskakis, Konstantinos"]
[Black "Palmer, Reegan"]
[Result "0-1"]
[Board "133"]
[TimeControl "180+1"]
[WhiteFideId "42134374"]
[BlackFideId "14322145"]
[WhiteElo "2386"]
[BlackElo "1814"]
[WhiteTeam "GRE"]
[BlackTeam "RSA"]
[WhiteClock "0:00:14"]
[BlackClock "0:00:19"]

1. d4 Nf6 2. c4 g6 3. Nc3 c5 4. d5 d6 5. e4 Bg7 6. h3 O-O 7. Nf3 e6 8. Be2 exd5 9. exd5 Re8 10. O-O Ne4 11. Nxe4 Rxe4 12. Bd3 Re8 13. Bg5 Qb6 14. Re1 Bd7 15. Rxe8+ Bxe8 16. Qe2 Nd7 17. Rb1 Ne5 18. Nxe5 Bxe5 19. b3 Bd7 20. h4 Re8 21. Qf3 Qa5 22. a4 Bg7 23. h5 Re1+ 24. Rxe1 Qxe1+ 25. Kh2 Qe5+ 26. Bf4 Qe7 27. g3 g5 28. Bd2 h6 29. Qe4 Qxe4 30. Bxe4 f5 31. Bd3 Bd4 32. Kg2 Kf7 33. f4 g4 34. Be1 Kf6 35. Bf2 Bxf2 36. Kxf2 a6 37. Ke3 Be8 38. Kd2 Bxh5 39. a5 Be8 40. Kc3 h5 41. b4 Bd7 42. bxc5 dxc5 43. Kd2 Ke7 44. Ke3 Kd6 45. Kd2 Kc7 46. Kc3 b6 47. axb6+ Kxb6 48. Kb3 a5 49. Ka3 a4 50. Bc2 h4 51. Bd3 hxg3 52. Bf1 Kc7 53. Bg2 Kd6 54. Kb2 Bc8 55. Ka3 Ba6 56. Bf1 g2 57. Bxg2 Bxc4 58. Kxa4 Bxd5 59. Bf1 Bf3 60. Kb5 g3 61. Kc4 g2 62. Bxg2 Bxg2 63. Kd3 Be4+ 64. Ke3 Kd5 65. Kd2 Kd4 66. Kc1 c4 67. Kb2 Ke3 68. Ka1 Kxf4 69. Kb2 Ke3 70. Kc3 f4 71. Kb2 f3 72. Kc3 f2 73. Kb2 f1=Q 74. Ka2 Qb1+ 75. Ka3 Qb3# 0-1

[Event "December 19 Late 2023"]
[Site "https://www.chess.com"]
[Date "2023.12.19"]
[Round "5"]
[White "Travadon, Loic"]
[Black "Marin Pincheira, Carlos"]
[Result "1-0"]
[Board "134"]
[TimeControl "180+1"]
[WhiteFideId "26092131"]
[BlackFideId "3407543"]
[WhiteElo "2406"]
[BlackElo "2080"]
[WhiteTeam "FRA"]
[BlackTeam "CHI"]
[WhiteClock "0:01:01"]
[BlackClock "0:00:00"]

1. e4 c6 2. d3 d5 3. Nf3 Bg4 4. h3 Bh5 5. Qe2 dxe4 6. dxe4 Nd7 7. g4 Bg6 8. h4 h5 9. g5 e5 10. Bg2 Bc5 11. Nfd2 b5 12. Nb3 Bd6 13. a4 a6 14. a5 Ne7 15. c3 Nc5 16. Nxc5 Bxc5 17. Nd2 Qd6 18. Nb3 Ba7 19. Be3 Bxe3 20. Qxe3 Qc7 21. Rd1 O-O 22. O-O Rfd8 23. Qe2 c5 24. c4 Nc6 25. Rxd8+ Rxd8 26. cxb5 axb5 27. Qxb5 Nd4 28. Qxc5 Qb8 29. Nxd4 exd4 30. b4 Qf4 31. a6 d3 32. a7 d2 33. Rd1 Bxe4 34. Qe7 Ra8 35. Qxe4 Qxe4 36. Bxe4 1-0

[Event "December 19 Late 2023"]
[Site "https://www.chess.com"]
[Date "2023.12.19"]
[Round "5"]
[White "Becerra, Juan David"]
[Black "Michalski, Olaf"]
[Result "0-1"]
[Board "135"]
[TimeControl "180+1"]
[WhiteFideId "4404998"]
[BlackFideId "1106740"]
[WhiteElo "2293"]
[BlackElo "2105"]
[WhiteTeam "COL"]
[BlackTeam "POL"]
[WhiteClock "0:00:00"]
[BlackClock "0:00:04"]

1. d4 d6 2. Nc3 Nd7 3. Nf3 e5 4. e4 Ngf6 5. Bc4 Be7 6. h3 O-O 7. O-O c6 8. a4 h6 9. Qe2 Re8 10. Rd1 Qc7 11. dxe5 dxe5 12. Be3 Nc5 13. Nd2 a5 14. Qf3 Be6 15. Bxc5 Bxc5 16. Bxe6 Rxe6 17. Nf1 Qb6 18. Rab1 g6 19. Rd3 Nh5 20. g3 Rf6 21. Qd1 Rxf2 22. Kh1 Rxf1+ 23. Qxf1 Re8 24. Ne2 Re6 25. Rf3 Re7 26. b3 Qb4 27. Re1 Qxe4 28. g4 Ng7 29. Nc3 Qb4 30. Re4 Bd4 31. Ne2 Ne6 32. Nxd4 exd4 33. Qe2 Qd6 34. Rd3 c5 35. c3 Kg7 36. cxd4 cxd4 37. Qf2 Qd5 0-1

[Event "December 19 Late 2023"]
[Site "https://www.chess.com"]
[Date "2023.12.19"]
[Round "5"]
[White "Feliz Dotel, Dewar Bienvenido"]
[Black "GirthyHuell"]
[Result "1-0"]
[Board "136"]
[TimeControl "180+1"]
[WhiteFideId "6402801"]
[WhiteElo "2069"]
[BlackElo "2376"]
[WhiteTeam "DOM"]
[WhiteClock "0:00:11"]
[BlackClock "0:00:11"]

1. Nf3 c5 2. g3 e6 3. Bg2 a6 4. O-O Nf6 5. c4 g6 6. e3 Bg7 7. d4 d5 8. cxd5 exd5 9. Nc3 cxd4 10. Nxd4 O-O 11. b3 Nc6 12. Bb2 Bg4 13. Nf3 Ne5 14. Na4 Nxf3+ 15. Bxf3 Bf5 16. Rc1 Ne4 17. Bxg7 Kxg7 18. Nc3 Nxc3 19. Rxc3 Qa5 20. Qd4+ Kg8 21. a4 Rad8 22. Rd1 Be4 23. Bg2 Bxg2 24. Kxg2 Rfe8 25. Qc5 Qxc5 26. Rxc5 Re5 27. Rc7 b5 28. axb5 axb5 29. Rc5 b4 30. Rb5 Kg7 31. Rxb4 Kf6 32. Rdd4 Rc8 33. Rb7 Rc5 34. Rf4+ Ke6 35. Rfxf7 Kd6 36. Rbd7+ Kc6 37. Rxh7 Rf5 38. Rc7+ Kd6 39. Rhd7+ Ke6 40. Rxc5 Kxd7 41. e4 dxe4 42. Rxf5 gxf5 43. h4 Kc6 44. h5 Kb5 45. h6 f4 46. gxf4 Kb4 47. h7 Kxb3 48. h8=Q Kc2 49. Qe5 Kd3 50. f5 e3 51. Qxe3+ Kc2 52. f6 Kd1 53. f7 Kc2 54. f8=Q Kd1 55. Qd6+ Kc2 56. Qec5+ Kb3 57. Qdb6+ Ka4 58. Qcb4# 1-0